 Dungeon Crawl Stone Soup version 0.16.0-17-g811c1d7 (webtiles) character file.

2476 valak23 the Skirmisher (level 9, -4/79 HPs)
             Began as a Mottled Draconian Wanderer on Mar 21, 2015.
             Was a Believer of Okawaru.
             Slain by an elephant (13 damage)
             ... on level 8 of the Dungeon.
             The game lasted 00:23:27 (5871 turns).

valak23 the Skirmisher (Mottled Draconian Wanderer) Turns: 5871, Time: 00:23:27

Health: -4/79      AC:  7    Str: 17      XL:     9   Next: 27%
Magic:  9/9        EV: 12    Int: 13 (14) God:    Okawaru [**....]
Gold:   360        SH: 13    Dex: 11 (13) Spells: 0 memorised, 8 levels left

rFire  . . .     SeeInvis .     a - +3 falchion
rCold  . . .     Clarity  +     (armour unavailable)
rNeg   + . .     SustAb   .     h - +4 shield
rPois  .         Gourm    .     (helmet restricted)
rElec  .         Spirit   .     (no cloak)
rCorr  .         Warding  .     (no gloves)
rMut   .         Stasis   .     (no boots)
MR     .....                    s - amulet of clarity (curse)
Stlth  ++........               t - +3 ring of dexterity (curse)
                                o - ring of positive energy (curse)

@: short of breath, not resistant to hostile enchantments, unstealthy
A: breathe sticky flames, unfitting armour, cold-blooded, AC +7
a: Breathe Sticky Flame, Heroism, Renounce Religion


You were on level 8 of the Dungeon.
You worshipped Okawaru.
Okawaru was pleased with you.
You were not hungry.

You visited 2 branches of the dungeon, and saw 9 of its levels.
You also visited: Ossuary.

You collected 360 gold pieces.

Inventory:

Hand weapons
 a - a +3 falchion (weapon)
 c - a +0 falchion
 p - the +7 dagger of Hard Scrabble {pierce, +Inv rElec rPois Str+4 Dex-3}
   (You found it on level 5 of the Dungeon)

   It inflicts extra damage upon your enemies.
   It affects your strength (+4).
   It affects your dexterity (-3).
   It insulates you from electricity.
   It protects you from poison.
   It lets you turn invisible.
 x - a +0 morningstar of holy wrath
 A - a +1 glaive of venom
Missiles
 k - 3 javelins (quivered)
Armour
 h - a +4 shield (worn)
 i - a cursed +0 ice dragon armour
Jewellery
 o - a cursed ring of positive energy (left hand)
 s - a cursed amulet of clarity (around neck)
 t - a cursed +3 ring of dexterity (right hand)
Magical devices
 e - a wand of teleportation (4)
Scrolls
 d - 5 scrolls of identify
 j - 2 scrolls of teleportation
 l - 5 scrolls of remove curse
 n - a scroll of fear
 r - a scroll of blinking
 u - a scroll of fog
 y - a scroll of amnesia {unknown}
Potions
 g - a potion of flight
 q - a potion of might
 v - a potion of restore abilities
Books
 w - a book of Beasts

   Spells                             Type                      Level
   a - Summon Butterflies             Summoning                    1
   b - Call Canine Familiar           Summoning                    3
   c - Summon Ice Beast               Ice/Summoning                4
   d - Summon Mana Viper              Hexes/Summoning              5
   e - Monstrous Menagerie            Summoning                    6
   f - Summon Hydra                   Summoning                    7
 z - a book of Fire

   Spells                             Type                      Level
   a - Ignite Poison                  Fire/Transmutation           5
   b - Fireball                       Conjuration/Fire             5
   c - Bolt of Fire                   Conjuration/Fire             6
   d - Delayed Fireball               Conjuration/Fire             7
   e - Ring of Flames                 Charms/Fire                  7
Comestibles
 f - 3 bread rations
 m - a beef jerky
 B - a meat ration


   Skills:
 + Level 7.4 Fighting
 - Level 4.2(5.4) Short Blades
 * Level 5.3(6.0) Long Blades
   Level 1.0 Axes
 + Level 0.1 Throwing
 + Level 6.3 Dodging
 - Level 2.4 Stealth
 + Level 5.2 Shields
 + Level 0.4 Invocations


You had 8 spell levels left.
You didn't know any spells.

Dungeon Overview and Level Annotations

Branches:
Dungeon (8/15)             Temple (1/1) D:5            Lair (0/8) D:8

Altars:
Ashenzari
Cheibriados
Dithmenos
Elyvilon
Gozag
Kikubaaqudgha
Makhleb
Nemelex Xobeh
Okawaru
Qazlal
Ru
Sif Muna
Trog
Vehumet
Xom
Yredelemnul
Zin
The Shining One

Shops:
D:6 [


Innate Abilities, Weirdness & Mutations

You can spit globs of burning liquid.
You can ignite nearby creatures when you spit burning liquid.
Your weird mottled scales are hard (AC +7).
Your body does not fit into most forms of armour.
Your cold-blooded metabolism reacts poorly to cold.


Message History

The yak closely misses you. The goliath beetle bites you!!
* * * LOW HITPOINT WARNING * * *
There is a stone staircase leading up here.
Use which ability? (? or * to list)
Press: ? - help, Shift-Dir - straight line, f - elephant
Aim: an elephant (lightly wounded)
You spit a glob of burning liquid.
The splash of liquid fire hits the elephant.
The elephant is moderately wounded.
The elephant is covered in liquid flames!
You feel somewhat more hungry.
The elephant burns!
You block the elephant's attack. x2
The elephant burns!
The elephant burns!
The elephant burns!
You hit the elephant but do no damage.
The elephant is heavily wounded.
The elephant burns!
The elephant tramples you!
You die...

##### ...## ...
#.# #@# #Y# #Y#
#<# . #.# #..##
#.# .....##
#####B#
.......##.Y...#
.......†.#B#####


You could see an elephant (burning), a goliath beetle and a yak.

Vanquished Creatures
  Prince Ribbit (D:7)
  Eustachio (D:7)
  A hungry ghost (D:6)
  A water moccasin (D:7)
  A necrophage (D:7)
  2 orc warriors
  2 phantoms (D:6)
  An ogre (D:5)
  2 crocodiles (D:8)
  An elf zombie (Ossuary)
  Blork the orc (D:4)
  A wyvern zombie (D:7)
  2 scorpions
  2 goliath beetles (D:7)
  4 hounds
  2 jellies
  3 crimson imps
  A giant frog zombie (D:5)
  A giant frog skeleton (D:7)
  A human zombie (Ossuary)
  An iguana (D:4)
  An orc priest (D:7)
  3 worker ants
  A centaur skeleton (D:6)
  A big kobold zombie (Ossuary)
  Ijyb (D:2)
  4 mummies
  8 adders
  2 giant mites
  4 worms
  An ufetubus (D:7)
  An adder zombie (Ossuary)
  11 giant geckos
  3 oozes
  13 orcs
  11 bats
  A bat skeleton (D:6)
  4 giant cockroaches
  A gnoll zombie (Ossuary)
  13 goblins
  9 hobgoblins
  7 jackals
  10 kobolds
  4 quokkas
  3 ball pythons
  2 giant newts
  A goblin zombie (Ossuary)
  4 hobgoblin zombies (Ossuary)
  A kobold zombie (Ossuary)
  An orc zombie (Ossuary)
  A quokka skeleton (D:7)
  4 quokka zombies (Ossuary)
  11 rats
  2 rat zombies (Ossuary)
  2 ballistomycetes (D:6)
178 creatures vanquished.

Vanquished Creatures (others)
  A giant spore (D:6)
1 creature vanquished.

Grand Total: 179 creatures vanquished

Notes
Turn   | Place    | Note
--------------------------------------------------------------
     0 | D:1      | valak23, the Draconian Wanderer, began the quest for the Orb.
     0 | D:1      | valak23 set off with: a +2 falchion, a potion of curing, a potion of lignification, a bread ration
     0 | D:1      | Reached XP level 1. HP: 22/22 MP: 1/1
   148 | D:1      | You fall through a shaft!
   148 | D:2      | Noticed Ijyb
   152 | D:2      | Reached XP level 2. HP: 25/28 MP: 2/2
   158 | D:2      | Killed Ijyb
   158 | D:2      | Reached skill level 5 in Fighting
   303 | D:1      | Reached XP level 3. HP: 36/36 MP: 3/3
   842 | D:2      | Reached XP level 4. HP: 18/42 MP: 4/4
  1624 | D:4      | Reached XP level 5. HP: 35/50 MP: 5/5
  1633 | D:4      | Noticed Blork the orc
  1652 | D:4      | Killed Blork the orc
  2261 | D:4      | Reached XP level 6. HP: 22/57 MP: 6/6
  2447 | D:4      | Reached skill level 6 in Fighting
  2563 | D:5      | Entered Level 5 of the Dungeon
  2631 | D:5      | Found a sand-covered staircase.
  2645 | Ossuary  | Entered an ossuary
  2748 | Ossuary  | Your scales start taking on a weird mottled pattern.
  2748 | Ossuary  | Reached XP level 7. HP: 21/63 MP: 7/7
  3300 | D:5      | Found a staircase to the Ecumenical Temple.
  3391 | D:5      | Got an iridescent dagger
  3392 | D:5      | Identified the +7 dagger of Hard Scrabble {pierce, +Inv rElec rPois Str+4 Dex-3} (You found it on level 5 of the Dungeon)
  3663 | Temple   | Entered the Ecumenical Temple
  3711 | Temple   | Became a worshipper of Warmaster Okawaru
  3825 | D:6      | Reached skill level 1 in Short Blades
  4122 | D:6      | Found a radiant altar of Vehumet.
  4306 | D:6      | Reached XP level 8. HP: 68/71 MP: 8/8
  4309 | D:6      | Found Zojonoit's Armour Shoppe.
  4432 | D:6      | Acquired Okawaru's first power
  4432 | D:6      | Reached skill level 5 in Dodging
  4811 | D:7      | Noticed Prince Ribbit
  4831 | D:7      | Killed Prince Ribbit
  4892 | D:7      | Reached skill level 7 in Fighting
  5403 | D:7      | Noticed Eustachio
  5408 | D:7      | Reached XP level 9. HP: 76/79 MP: 9/9
  5422 | D:7      | Killed Eustachio
  5585 | D:7      | Reached skill level 5 in Long Blades
  5590 | D:7      | Found a glowing golden altar of the Shining One.
  5838 | D:8      | Reached skill level 5 in Shields
  5843 | D:8      | Found a staircase to the Lair.
  5843 | D:8      | Noticed an elephant
  5871 | D:8      | Slain by an elephant

Action                   |  1- 3 |  4- 6 |  7- 9 || total
-------------------------+-------+-------+-------++-------
Melee: Falchion          |    52 |   203 |   112 ||   367
       Dagger            |       |       |   121 ||   121
Throw: Javelin           |       |     3 |       ||     3
Invok: Heroism           |       |       |     1 ||     1
 Abil: Breathe Sticky Fl |       |       |     3 ||     3
  Use: Scroll            |     8 |     4 |     7 ||    19
       Potion            |       |     1 |    13 ||    14
 Stab: Sleeping          |     2 |     6 |     5 ||    13
  Eat: Bread ration      |       |     2 |       ||     2
       Meat ration       |       |       |     2 ||     2
